 Dungeon Crawl Stone Soup version 0.17.0-24-gcfadda4 (console) character file.

58 gw the Scratcher (level 3, -5/17 HPs)
             Began as a Felid Monk on Nov 16, 2015.
             Slain by Crazy Yiuf
             ... wielding a +4 quarterstaff of chaos
              (12 damage)
             ... on level 2 of the Dungeon.
             The game lasted 00:01:05 (2106 turns).

gw the Scratcher (Felid Monk)                       Turns: 2106, Time: 00:01:05

Health: -5/17      AC:  1    Str:  7    XL:     3   Next: 75%
Magic:  4/4        EV: 20    Int: 11    God:
Gold:   95         SH:  0    Dex: 19    Spells: 0 memorised, 2 levels left
                                        Lives:  0   Deaths: 0

rFire  . . .     SeeInvis +       - Unarmed
rCold  . . .     Clarity  .     (armour unavailable)
rNeg   + . .     SustAt   .     (shield unavailable)
rPois  .         Gourm    .     (helmet unavailable)
rElec  .         Spirit   .     (cloak unavailable)
rCorr  .         Warding  +     (gloves unavailable)
rMut   .         Stasis   .     (boots unavailable)
MR     .....                    h - amulet of warding
Stlth  +++.......               (no ring)
                                (no ring)

@: quick, not resistant to hostile enchantments, fairly stealthy
A: no armour, no weapons or thrown items, claws 1, fangs 3, see invisible,
carnivore 3, speed 1, shaggy fur 1, slow metabolism 1, sharp paws
a: no special abilities


You were on level 2 of the Dungeon.
You were completely stuffed.

You visited 1 branch of the dungeon, and saw 2 of its levels.

You collected 95 gold pieces.

Inventory:

Jewellery
 h - an amulet of warding (around neck)
Wands
 e - a wand of teleportation (4)
Scrolls
 d - a scroll of random uselessness {unknown}
 k - a scroll of remove curse {unknown}
Potions
 b - a potion of heal wounds {unknown}
 f - a potion of agility {unknown}
 j - a potion of might {unknown}
Comestibles
 a - 2 meat rations
 c - a royal jelly
 g - a beef jerky


   Skills:
 + Level 3.4 Fighting
 + Level 4.5 Dodging
 - Level 2.6 Stealth
 * Level 4.9 Unarmed Combat


You had 2 spell levels left.
You didn't know any spells.

Dungeon Overview and Level Annotations

Branches:
Dungeon (2/15)

Altars:

Annotations:
D:2 Crazy Yiuf


Innate Abilities, Weirdness & Mutations

You cannot wear armour.
You are incapable of wielding weapons or throwing items.
You have sharp claws.
You have razor-sharp teeth.
You have supernaturally acute eyesight.
You are carnivorous and can eat meat at any time.
You cover ground quickly.
You are covered in fur (AC +1).
You have a slow metabolism.
Your sharp claws are effective at attacking unaware monsters.


Message History

Found a mace.
ATTACK MOVE TO (-1,0)
There is an open door here.
ATTACK MOVE TO (-1,0) ATTACK MOVE TO (-1,0) Crazy Yiuf shouts!
Crazy Yiuf hits you with a quarterstaff of chaos!
Crazy Yiuf freezes you.
ATTACKING (-1,0)
You scratch Crazy Yiuf but do no damage.
Crazy Yiuf completely misses you.
ATTACKING (-1,0)
You scratch Crazy Yiuf.
Crazy Yiuf is lightly wounded.
ATTACKING (-1,0)
You scratch Crazy Yiuf.
Crazy Yiuf is heavily wounded.
Crazy Yiuf hits you with a quarterstaff of chaos!
Ouch! That really hurt!
You die...

#### ##### ######
## #..# #)..###
##..#.## .#
###..#
#gh.'.####......#
.# #....#
#...##..#.).....#
.##### #....#
########.#...#..#
.....# #....#
#######.## #..##
##.#..# #.# ...#
##.....# #.#
##.###......# #.#
....#.......#
##.#
.##.#%#.....#
#..#


You could see Crazy Yiuf.

Table legend:
 A = Turns spent in this place as a percentage of turns spent in the entire game.
 B = Non-inter-level travel turns spent in this place as a percentage of non-inter-level travel turns spent in the entire game.
 C = Inter-level travel turns spent in this place as a percentage of turns spent in this place.
 D = Turns resting spent in this place as a percentage of non-inter-level travel turns spent in this place.
 E = Turns spent auto-exploring this place as a percentage of non-inter-level travel turns spent in this place.
 F = Non-inter-level travel turns spent in this place divided by the number of levels of this place that you've seen.
                   A       B       C       D       E      F
               +-------+-------+-------+-------+-------+----------------------
         Total | 100.0 | 100.0 |   0.6 |   0.9 |   2.6 | 1317.5
       Dungeon | 100.0 | 100.0 |   0.6 |   0.9 |   2.6 | 1317.5
               +-------+-------+-------+-------+-------+----------------------

Table legend:
 A = Kills in this place as a percentage of kills in entire the game.
 B = Kills by you in this place as a percentage of kills by you in the entire game.
 C = Kills by friends in this place as a percentage of kills by friends in the entire game.
 D = Other kills in this place as a percentage of other kills in the entire game.
 E = Experience gained in this place as a percentage of experience gained in the entire game.
 F = Experience gained in this place divided by the number of levels of this place that you have seen.
                   A       B       C       D       E      F
               +-------+-------+-------+-------+-------+----------------------
         Total | 100.0 | 100.0 |  -nan |  -nan | 100.0 |  41.5
       Dungeon | 100.0 | 100.0 |  -nan |  -nan | 100.0 |  41.5
               +-------+-------+-------+-------+-------+----------------------

Vanquished Creatures
  2 adders (D:2)
  2 worms
  A giant gecko (D:2)
  6 bats
  A bat zombie (D:1)
  2 giant cockroaches
  7 goblins
  2 hobgoblins
  A giant newt (D:2)
  4 kobolds
  A quokka zombie (D:1)
  5 rats
34 creatures vanquished.

Notes
Turn   | Place    | Note
--------------------------------------------------------------
     0 | D:1      | gw the Felid Monk began the quest for the Orb.
     0 | D:1      | Reached XP level 1. HP: 10/10 MP: 2/2
   494 | D:1      | Reached XP level 2. HP: 14/14 MP: 3/3
  1383 | D:2      | Reached XP level 3. HP: 10/17 MP: 4/4
  2100 | D:2      | Noticed Crazy Yiuf
  2106 | D:2      | Slain by Crazy Yiuf

Action                   || total
-------------------------++-------
Melee: Unarmed           ||    96
  Use: Scroll            ||     3
       Potion            ||     1
 Stab: Sleeping          ||     9
  Eat: Chunk             ||    10

Vault maps used:
D:1:      saegor_arrival_fortress, roderic_three_in_a_row
D:2:      uniq_crazy_yiuf_cottage
